 Dungeon Crawl Stone Soup version 0.25-a0-1056-g2efb326896 (webtiles) character file.

Game seed: 9595113043078363624, levelgen mode: deterministic

30 Hugehornet the Insei (level 3, 0/23 HPs)
             Began as an Octopode Transmuter on May 13, 2020.
             Slain by Terence
             ... wielding a +2 vorpal hand axe
              (1 damage)
             ... on level 2 of the Dungeon.
             The game lasted 00:01:41 (1171 turns).

Hugehornet the Insei (Octopode Transmuter)          Turns: 1171, Time: 00:01:42

Health: 0/23       AC:  1    Str:  9    XL:     3   Next: 18%
Magic:  5/6        EV: 13    Int: 16    God:
Gold:   69         SH:  0    Dex: 12    Spells: 1/7 levels left

rFire    . . .     SeeInvis .     - Unarmed
rCold    . . .     Gourm    .   (no shield)
rNeg     . . .     Faith    .   (helmet restricted)
rPois    .         Spirit   .   (no amulet)
rElec    .         Reflect  .   (no ring)
rCorr    .         Harm     .   (no ring)
MR       .....                  (no ring)
Stlth    ++........             (no ring)
HPRegen  0.07/turn              (no ring)
MPRegen  0.10/turn              (no ring)
                                (no ring)
                                (no ring)

@: appendage
A: almost no armour, stealthy swim, amphibious, 8 rings, constrict 8, tentacle
spike 3, camouflage 1, gelatinous body 1
a: End Transformation


You were on level 2 of the Dungeon.
You were not hungry.
One of your tentacles had a temporary spike.
You visited 1 branch of the dungeon, and saw 2 of its levels.

You collected 69 gold pieces.

Inventory:

Missiles
 a - 37 arrows
Scrolls
 b - 2 scrolls of identify {unknown}
 g - 2 scrolls of enchant armour {unknown}
 h - 2 scrolls of teleportation {unknown}
Potions
 d - a potion of lignification {unknown}
 e - a potion of curing {unknown}
 f - 2 potions of heal wounds {unknown}
 j - a potion of might {unknown}
Comestibles
 c - 8 rations


   Skills:
 - Level 1.0 Fighting
 - Level 2.0 Dodging
 + Level 3.0 Unarmed Combat
 + Level 2.6 Spellcasting
 - Level 3.0 Transmutations
 * Level 0.1 Poison Magic


You had one spell level left.
You knew the following spells:

 Your Spells              Type           Power        Failure   Level  Hunger
a - Beastly Appendage     Tmut           ##....       6%          1    #......
b - Sticks to Snakes      Tmut           ##......     9%          2    ##.....
c - Spider Form           Tmut/Pois      #.........   30%         3    ###....

Your spell library contained the following spells:

 Spells                   Type           Power        Failure   Level  Hunger
 Ice Form                 Ice/Tmut       #.......     71%         4    #####..
 Blade Hands              Tmut           ##........   85%         5    ######.


Dungeon Overview and Level Annotations

Branches:
Dungeon (2/15)

Altars:
Gozag
Hepliaklqana

Shops:
D:2 *

Annotations:
D:2 Terence


Innate Abilities, Weirdness & Mutations

You cannot wear most types of armour.
You are very stealthy in the water. (Stealth+)
You are amphibious.
You can wear up to eight rings at the same time.
You can use your tentacles to constrict eight enemies at once.
Your skin changes colour to match your surroundings (Stealth+).
Your rubbery body absorbs attacks. (AC +1, EV +1)
One of your tentacles bears a large vicious spike.


Message History

Confirm with . or Enter, or press ? or * to list all spells.
The spell is extremely dangerous to cast (30% risk of failure)!
Continue anyway? [Y]es or [N]o only, please.
The spell is extremely dangerous to cast (30% risk of failure)!
Continue anyway? [Y]es or [N]o only, please.
The spell is extremely dangerous to cast (30% risk of failure)!
Continue anyway?
Okay, then.
Unknown command.
Unknown command.
Casting: Spider Form (extremely dangerous; 30% risk of failure)
Confirm with . or Enter, or press ? or * to list all spells.
One of your tentacles grows a vicious spike.
You constrict Terence, but do no damage.
Terence hits you with a +2 vorpal hand axe.
You tentacle-slap Terence.
You pierce Terence, but do no damage.
Terence is lightly wounded.
You constrict Terence.
Terence hits you with a +2 vorpal hand axe!
* * * LOW HITPOINT WARNING * * *
You die...

##..# ## ....########
#..#### #..........#
#....## #..........#
#.##.## #..........#
#####.##.## #..........#
#.........# #.........!#
#.........# #.....@....#
#.........# #......@...#
#.........# #...[......#
#....≈≈≈≈≈≈
#..........###....≈.....
#..........#......≈.⌠.⌠.
###########..#....≈..∩..
#...##....≈.⌠.⌠.
#?####....≈..... #.
#.###≈≈...≈ # ..#
#.≈._.≈


You could see Terence.

Vanquished Creatures
  An adder (D:2)
  A dart slug (D:1)
  2 giant cockroaches
  2 goblins (D:2)
  2 hobgoblins
  2 bats (D:1)
  3 frilled lizards
  5 kobolds (D:1)
  A rat (D:2)
19 creatures vanquished.

Notes
Turn   | Place    | Note
-------+----------+-------------------------------------------
     0 | D:1      | Hugehornet the Octopode Transmuter began the quest for the
                  | Orb.
     0 | D:1      | Reached XP level 1. HP: 13/13 MP: 3/3
   308 | D:1      | Reached XP level 2. HP: 18/18 MP: 3/5
   642 | D:1      | Learned a level 2 spell: Sticks to Snakes
   667 | D:2      | Found a hazy altar of Hepliaklqana.
   796 | D:2      | Found Gozag's Platinum Reserve.
   814 | D:2      | Found an opulent altar of Gozag.
   947 | D:2      | Reached XP level 3. HP: 18/23 MP: 4/6
   952 | D:2      | Learned a level 3 spell: Spider Form
  1159 | D:2      | Noticed Terence
  1171 | D:2      | HP: 1/23 [Terence/+2 vorpal hand axe (7)]
  1171 | D:2      | Slain by Terence

Illustrated notes

Levels and vault maps discovered:
D:1:      sevenhm_arrival_forest_fort_small_6, layout_rooms
D:2:      layout_rooms, tso_oasis_becter, nicolae_gozag_zags_fifth_avenue,
          lemuel_doored_altar, first_ration, uniq_terence

Skill      XL: |  1  2 |
---------------+-------+-----
Transmutations | 3 |  3.0
Fighting       | |  1.0
Dodging        | |  2.0
Unarmed Combat | |  3.0
Spellcasting   | |  2.6
Poison Magic   | |  0.1

Action                   || total
-------------------------++-------
Melee: Unarmed           ||    52
       Constrict         ||    12
       Kick              ||    11
       Tentacles         ||     4
       Punch             ||     2
 Cast: Beastly Appendage ||    15
 Stab: Sleeping          ||     4
  Eat: Chunk             ||     1
Armor: Skin              ||     3
Dodge: Dodged            ||    29

Table legend:
 A = Non-vault XP
 B = Vault XP
 C = Vault XP percentage of total XP
 D = Non-vault monster count
 E = Vault monster count
 F = Vault count percentage of total count
                 A         B        C        D         E       F
            +---------+---------+-------+---------+---------+-------
      Total |      43 |       0 |   0.0 |      19 |       0 |   0.0
            +---------+---------+-------+---------+---------+-------
        D:1 |      20 |       0 |   0.0 |      12 |       0 |   0.0
        D:2 |      23 |       0 |   0.0 |       7 |       0 |   0.0
            +---------+---------+-------+---------+---------+-------
